 Dungeon Crawl Stone Soup version 0.28.0-43-g3370ac3207 (webtiles) character file.

Game seed: 15360247565452318698

26779 firemarshallily the Thaumaturge (level 13, -1/87 HPs)
             Began as a Merfolk Summoner on Mar 31, 2022.
             Was a High Priest of Vehumet.
             Killed from afar by a bog body (31 damage)
             ... with a bolt of cold
             ... on level 3 of the Lair of Beasts on Apr 1, 2022.
             The game lasted 03:33:53 (16011 turns).

firemarshallily the Thaumaturge (Merfolk Summoner) Turns: 16011, Time: 03:33:54

Health: -1/87      AC: 14    Str:  4 (5)  XL:     13   Next: 28%
Magic:  18/30      EV: 18    Int: 21      God:    Vehumet [*****.]
Gold:   692        SH:  0    Dex: 16      Spells: 7/38 levels left

rFire   . . .      SeeInvis .   G - +4 halberd (freeze)
rCold   . . .      Faith    .   (shield currently unavailable)
rNeg    + + .      Spirit   .   u - +0 steam dragon scales
rPois   +          Reflect  .   B - +0 helmet {Int+3}
rElec   .          Harm     .   O - +2 cloak
rCorr   .          Rampage  .   L - +2 pair of gloves
Will    +....      Clarity  +   (boots currently unavailable)
Stlth   +++++.....              i - amulet of magic regeneration
HPRegen 0.24/turn               y - ring of positive energy
MPRegen 0.62/turn               H - ring "Baloruki" {rPois rN+ Will+ Str-3 Stlth+}

@: very quick
A: nimble swimmer 2, mertail, iridescent scales 1, clarity, deterioration 1,
MP-powered wands
a: Renounce Religion


You were on level 3 of the Lair of Beasts.
You worshipped Vehumet.
Vehumet was extremely pleased with you.
You visited 2 branches of the dungeon, and saw 14 of its levels.
You also visited: Sewer and Volcano.

You collected 807 gold pieces.
You spent 115 gold pieces at shops.

Inventory:

Hand Weapons
 l - a +0 trident
 E - a +0 glaive
 G - a +4 halberd of freezing (weapon)
Missiles
 a - 5 silver javelins
 D - 2 throwing nets
Armour
 c - a +0 hat of willpower
 u - +0 steam dragon scales (worn)
 A - a +0 pair of boots (melded)
 B - a +0 helmet of intelligence (worn)
 L - a +2 pair of gloves (worn)
 O - a +2 cloak (worn)
Jewellery
 i - an amulet of magic regeneration (around neck)
 y - a ring of positive energy (left hand)
 H - the ring "Baloruki" (right hand) {rPois rN+ Will+ Str-3 Stlth+}
   (You took it off a wight on level 7 of the Dungeon)

   [ring of poison resistance]

   Str:       It affects your strength (-3).
   rPois:     It protects you from poison.
   rN:        It protects you from negative energy.
   Will:      It increases your willpower.
   Stlth:     It makes you more stealthy.
 K - a ring of see invisible
Wands
 m - a wand of iceblast (20)
 t - a wand of polymorph (20)
 v - a wand of digging (7)
 J - a wand of flame (22)
Scrolls
 b - a scroll of fog
 d - 2 scrolls of magic mapping
 f - 9 scrolls of teleportation
 g - a scroll of holy word
 k - 7 scrolls of identify
 n - 3 scrolls of fear
 o - 3 scrolls of brand weapon
 r - 3 scrolls of enchant weapon
 s - 2 scrolls of silence
 w - a scroll of blinking
Potions
 j - a potion of magic
 p - 4 potions of flight
 q - a potion of brilliance
 z - 5 potions of curing
Miscellaneous
 F - a box of beasts


   Skills:
 + Level 3.6 Fighting
 + Level 7.4 Polearms
 + Level 5.8 Dodging
 + Level 4.6 Stealth
 + Level 13.1 Spellcasting
 + Level 0.5 Conjurations
 + Level 0.1 Hexes
 * Level 12.5 Summonings
 + Level 1.8 Necromancy
 + Level 3.8 Fire Magic
 + Level 7.7 Ice Magic
 + Level 0.5 Air Magic
 + Level 0.2 Evocations


You had 7 spell levels left.
You knew the following spells:

 Your Spells              Type           Power      Damage    Failure   Level
a - Summon Small Mammal   Summ           100%       N/A       1%          1
b - Call Imp              Summ           61%        N/A       1%          2
c - Call Canine Familiar  Summ           61%        N/A       1%          3
d - Foxfire               Conj/Fire      88%        2x1d8     1%          1
e - Scorch                Fire           58%        2d8       1%          2
f - Summon Ice Beast      Ice/Summ       54%        N/A       1%          4
g - Summon Guardian Gole  Hex/Summ       40%        N/A       1%          3
h - Animate Skeleton      Necr           42%        N/A       2%          1
i - Fireball              Conj/Fire      11%        3d7       14%         5
j - Slow                  Hex            56%        N/A       4%          1
k - Summon Lightning Spi  Summ/Air       41%        N/A       3%          4
l - Teleport Other        Tloc           13%        N/A       14%         3
m - Apportation           Tloc           26%        N/A       4%          1

Your spell library contained the following spells:

 Spells                   Type           Power      Damage    Failure   Level
 Magic Dart               Conj           60%        1d6       1%          1
 Frozen Ramparts          Ice            92%        1d11      1%          3
 Mephitic Cloud           Conj/Pois/Air  15%        N/A       3%          3
 Vampiric Draining        Necr           21%        2d7       7%          3
 Ice Form                 Ice/Tmut       30%        N/A       10%         4
 Confusing Touch          Hex            14%        N/A       13%         3
 Gell's Gravitas          Tloc           13%        N/A       14%         3
 Lesser Beckoning         Tloc           13%        N/A       14%         3
 Lee's Rapid Deconstruct  Erth           6%         3d7*      32%         5
 Cause Fear               Hex            7%         N/A       41%         4
 Leda's Liquefaction      Hex/Erth       7%         N/A       41%         4
 Statue Form              Tmut/Erth      8%         N/A       100%        6
 Dragon Form              Tmut           6%         N/A       100%        7
 Borgnjor's Revivificati  Necr           10%        N/A       100%        8
 Necromutation            Tmut/Necr      8%         N/A       100%        8
 Death's Door             Necr           10%        N/A       100%        9
 Dragon's Call            Summ           30%        N/A       100%        9


Dungeon Overview and Level Annotations

Branches:
Dungeon (11/15)            Temple (0/1) D:6            Lair (3/6) D:11
 Spider (0/4) Lair:3          Orc (0/2) D:9           Sewer (visited)
Volcano (visited)
  Swamp: Lair:2-4    Shoals: Lair:2-4

Altars:
Ru
Vehumet

Shops:
D:5 *

Annotations:
D:8 2 transporters, Eryximachus's ghost, novice VSFi; Grum
Lair:3 2 transporters


Innate Abilities, Weirdness & Mutations

You are very nimble when in or above water. (Stealth+, EV+, Speed+++)
Your lower body shifts to a powerful aquatic tail in water.
You are partially covered in iridescent scales. (AC +2)
You possess an exceptional clarity of mind.
Your body sometimes deteriorates upon taking damage.
You expend magic power (3 MP) to strengthen your wands.


Message History

The bolt of cold hits your warg!!!
Your warg dies!
Your warg's corpse disappears in a puff of smoke!
The bolt of cold hits your lightning spire.
Your lightning spire completely resists.
Your lightning spire is engulfed in freezing vapours.
Your lightning spire shoots out a bolt of lightning at the bog body!
The bolt of electricity misses the bog body.
Your ice beast barely misses the electric eel.
A bog body comes into view.
Casting: Scorch (safe; 1% risk of failure)
Confirm with . or Enter, or press ? or * to list all spells.
The electric eel shoots out a bolt of lightning at you!
The bolt of electricity hits your lightning spire.
Your lightning spire completely resists.
The bolt of electricity hits you!
Your lightning spire is engulfed in freezing vapours.
Your ice beast hits the electric eel.
Your ice beast freezes the electric eel!
The bog body closely misses your wolf.
Reach: G) +4 halberd (freeze)
Press: ? - help, Dir - move target, f/p - electric eel
Aim: an electric eel (water, almost dead, ally target, about 54% to evade your +4 halberd of freezing)
You reach to attack!
You closely miss the electric eel.
The electric eel is almost dead.
The bog body is no longer more vulnerable to fire.
The electric eel shoots out a bolt of lightning at you!
The bolt of electricity hits your lightning spire.
Your lightning spire completely resists.
The bolt of electricity misses you.
Your wolf bites the bog body but does no damage.
Your ice beast hits the electric eel but does no damage.
The bog body gestures at you while chanting.
The bolt of cold hits your wolf!!
Your wolf dies!
Your wolf's corpse disappears in a puff of smoke!
The bolt of cold hits your lightning spire.
Your lightning spire resists.
The bolt of cold hits you!!
You die...

..............♣ ≈ ♣≈♣
..............♣ ≈ .≈♣
..............♣ ≈♣.≈
..............♣♣♣n.♣
.##...........♣♣≈.n♣
..#............♣≈n.♣♣
..#............♣S§.≈♣
.#.............♣8Y.≈♣
.##............♣@♣.≈♣
.#P............♣♣..♣♣
.##.............♣..♣ #
.###....P.......♣..♣....
.###.............⌠⌠.....#
.P###...P...............#
........................#
........................#
.###....................#
###


You could see 3 bog bodies, an electric eel (ally target), a friendly ice beast
(summoned) and a friendly lightning spire (summoned).

Vanquished Creatures
  2 hydras (D:11)
  Erica (D:11)
  Sonja (Lair:2)
  A lindwurm (Lair:2)
  An orb spider (Lair:3)
  A centaur zombie (D:10)
  3 cane toads
  A kobold demonologist (D:10)
  2 trolls
  5 blink frogs
  2 wyverns
  A wraith (D:9)
  5 yaks
  A steam dragon (D:9)
  A water moccasin (Lair:3)
  An orc warrior (D:9)
  A black bear (D:7)
  A centaur (D:7)
  A wolf (Lair:1)
  A phantom (D:5)
  A kobold brigand (D:8)
  3 bullfrogs
  A wyvern zombie (D:6)
  2 wights (D:7)
  2 howler monkeys (D:9)
  A jelly (D:6)
  An orc priest (D:11)
  A hound (D:5)
  2 iguanas
  A merfolk avatar (Sewer)
  2 orc wizards (D:9)
  A merfolk siren (Sewer)
  A killer bee zombie (D:7)
  A gnoll (D:8)
  A howler monkey skeleton (D:5)
  A river rat (Sewer)
  8 adders
  7 orcs
  3 ball pythons
  An endoplasm (D:1)
  A giant cockroach (Sewer)
  A hobgoblin (D:2)
  4 kobolds
  A quokka (D:2)
  A bat (D:1)
  A frilled lizard (Sewer)
  2 rats (Sewer)
85 creatures vanquished.

Vanquished Creatures (collateral kills)
  Gastronok (Lair:3)
  2 hydras
  Harold (D:7)
  A two-headed ogre (D:11)
  A bog body (Lair:3)
  A centaur zombie (D:11)
  A black mamba (Lair:1)
  A gargoyle (D:11)
  2 cane toads (Lair:1)
  An unseen horror (D:11)
  A polar bear (Lair:2)
  5 komodo dragons
  A troll (D:11)
  4 blink frogs
  Prince Ribbit (D:6)
  A meliai zombie (D:11)
  A vampire (D:9)
  A wraith (D:10)
  5 wyverns
  3 basilisks
  23 yaks
  A steam dragon (D:9)
  Menkaure (D:5)
  A swamp worm (Lair:3)
  An acid dragon (D:11)
  10 water moccasins
  5 orc warriors
  A hornet zombie (D:6)
  An ice beast (D:5)
  2 sky beasts (D:5)
  A black bear (D:4)
  5 wolves (Lair:1)
  3 centaurs
  A phantom (D:6)
  4 kobold brigands
  2 scorpions (D:11)
  5 bullfrogs
  A water moccasin zombie (D:6)
  A water moccasin skeleton (D:6)
  3 wights (D:7)
  4 howler monkeys
  4 orc priests
  3 hounds
  A gnoll shaman (D:8)
  4 orc wizards
  A killer bee zombie (D:7)
  A hound skeleton (D:5)
  2 howler monkey skeletons
  3 gnolls (D:8)
  8 adders
  2 river rats (Sewer)
  2 white imps
  An adder skeleton (D:4)
  3 worms (D:3)
  27 orcs
  2 endoplasms
  3 giant cockroaches
  3 goblins
  2 hobgoblins
  2 jackals (D:3)
  16 kobolds
  5 quokkas
  7 ball pythons
  9 bats
  3 frilled lizards (Sewer)
  19 rats
244 creatures vanquished.

Vanquished Creatures (others)
  70 foxfires
  17 fungi
  62 plants
149 creatures vanquished.

Grand Total: 478 creatures vanquished

Notes
Turn   | Place    | Note
-------+----------+-------------------------------------------
     0 | D:1      | firemarshallily the Merfolk Summoner began the quest for
                  | the Orb.
     0 | D:1      | Reached XP level 1. HP: 13/13 MP: 3/3
   247 | D:1      | Reached XP level 2. HP: 11/19 MP: 1/5
  1148 | D:2      | Found a radiant altar of Vehumet.
  1152 | D:2      | Learned a level 2 spell: Call Imp
  1158 | D:2      | Became a worshipper of Vehumet
  1461 | D:2      | Reached XP level 3. HP: 24/24 MP: 1/6
  1507 | D:2      | Found a faded altar of an unknown god.
  2258 | D:3      | Found a glowing drain.
  2274 | D:3      | Reached skill level 3 in Spellcasting
  2278 | D:3      | Reached XP level 4. HP: 6/30 MP: 5/8
  2290 | Sewer    | Entered a sewer
  2331 | Sewer    | Reached * piety under Vehumet
  2331 | Sewer    | Offered knowledge of Foxfire by Vehumet.
  2338 | Sewer    | Learned a level 3 spell: Call Canine Familiar
  2340 | Sewer    | Learned a level 1 spell: Foxfire
  2350 | Sewer    | Reached skill level 5 in Summonings
  2453 | Sewer    | Reached XP level 5. HP: 35/35 MP: 1/9
  2563 | Sewer    | Offered knowledge of Sandblast by Vehumet.
  2569 | Sewer    | Reached ** piety under Vehumet
  2584 | Sewer    | Noticed a malarious merfolk avatar
  2678 | Sewer    | Killed a malarious merfolk avatar
  2915 | D:3      | Reached XP level 6. HP: 15/41 MP: 3/11
  3953 | D:4      | Noticed a black bear
  3966 | D:4      | Killed a black bear
  3967 | D:4      | Reached skill level 4 in Spellcasting
  4356 | D:4      | Reached XP level 7. HP: 41/46 MP: 9/13
  5009 | D:5      | Entered Level 5 of the Dungeon
  5032 | D:5      | Noticed Menkaure
  5043 | D:5      | Killed Menkaure
  5307 | D:5      | Reached skill level 5 in Spellcasting
  5470 | D:5      | Found Hiomieb's General Store.
  5490 | D:5      | Reached XP level 8. HP: 23/52 MP: 12/15
  5663 | D:5      | Bought a +0 helmet of intelligence for 115 gold pieces
  5709 | D:5      | Offered knowledge of Scorch by Vehumet.
  6887 | D:6      | Reached skill level 6 in Spellcasting
  6954 | D:6      | Noticed Prince Ribbit
  6974 | D:6      | Killed Prince Ribbit
  6975 | D:6      | Reached skill level 5 in Polearms
  6975 | D:6      | Reached XP level 9. HP: 49/58 MP: 1/18
  6982 | D:6      | Learned a level 2 spell: Scorch
  6987 | D:6      | Learned a level 4 spell: Summon Ice Beast
  6991 | D:6      | Learned a level 3 spell: Summon Guardian Golem
  7022 | D:6      | Reached *** piety under Vehumet
  7419 | D:6      | Found a sacrificial altar of Ru.
  7446 | D:6      | Reached skill level 7 in Spellcasting
  7548 | D:6      | Found a staircase to the Ecumenical Temple.
  7703 | D:7      | Reached skill level 1 in Fighting
  7862 | D:7      | Reached skill level 1 in Ice Magic
  7874 | D:7      | Noticed Harold
  7895 | D:7      | Killed Harold
  8095 | D:7      | Offered knowledge of Sticky Flame by Vehumet.
  8170 | D:7      | Identified the ring "Baloruki" {rPois rN+ Will+ Str-3
                  | Stlth+}
  8171 | D:7      | Reached skill level 1 in Fire Magic
  8193 | D:7      | Reached skill level 8 in Spellcasting
  8620 | D:8      | Learned a level 1 spell: Animate Skeleton
  8635 | D:8      | Reached XP level 10. HP: 48/65 MP: 16/22
  8744 | D:8      | Found a transporter.
  8745 | D:8      | Noticed Grum
  8783 | D:8      | Noticed Eryximachus's ghost (novice VSFi)
  8818 | D:8      | Found a transporter.
  8859 | D:8      | Identified the +3 buckler of Responsibility {rElec}
  9268 | D:9      | Reached **** piety under Vehumet
  9278 | D:9      | Found a staircase to the Orcish Mines.
  9682 | D:9      | Offered knowledge of Ignite Poison by Vehumet.
 10015 | D:9      | Reached skill level 9 in Spellcasting
 10470 | D:10     | Entered Level 10 of the Dungeon
 10693 | D:10     | Noticed a kobold demonologist
 10702 | D:10     | Killed a kobold demonologist
 10743 | D:10     | Reached skill level 5 in Ice Magic
 11104 | D:10     | Reached XP level 11. HP: 73/73 MP: 18/24
 11124 | D:10     | Reached skill level 10 in Spellcasting
 11324 | D:11     | Noticed an eight-headed hydra
 11368 | D:11     | Killed an eight-headed hydra
 11376 | D:11     | Reached ***** piety under Vehumet
 11377 | D:11     | Reached skill level 10 in Summonings
 11378 | D:11     | Offered knowledge of Fireball by Vehumet.
 11386 | D:11     | Reached skill level 5 in Dodging
 11407 | D:11     | Noticed a seven-headed hydra
 11414 | D:11     | Killed a seven-headed hydra
 11424 | D:11     | Learned a level 5 spell: Fireball
 11484 | D:11     | Found a staircase to the Lair.
 11492 | D:11     | Noticed a two-headed ogre
 11502 | D:11     | Killed a two-headed ogre
 11903 | D:11     | Noticed Erica
 11922 | D:11     | Killed Erica
 11923 | D:11     | Reached skill level 11 in Spellcasting
 11923 | D:11     | Reached skill level 1 in Necromancy
 12673 | D:11     | Gained mutation: Your body sometimes deteriorates upon
                  | taking damage. [potion of mutation]
 12673 | D:11     | Gained mutation: You are partially covered in iridescent
                  | scales. (AC +2) [potion of mutation]
 12673 | D:11     | Gained mutation: You possess an exceptional clarity of
                  | mind. [potion of mutation]
 12673 | D:11     | Gained mutation: You expend magic power (3 MP) to
                  | strengthen your wands. [potion of mutation]
 12677 | Lair:1   | Entered Level 1 of the Lair of Beasts
 12693 | Lair:1   | Noticed a four-headed hydra
 12703 | Lair:1   | Killed a four-headed hydra
 12704 | Lair:1   | Reached XP level 12. HP: 80/80 MP: 20/27
 13324 | Lair:1   | Learned a level 1 spell: Slow
 13329 | Lair:1   | Learned a level 4 spell: Summon Lightning Spire
 13768 | Lair:2   | Reached skill level 12 in Spellcasting
 13908 | Lair:2   | Noticed Sonja
 13915 | Lair:2   | Killed Sonja
 14247 | Lair:2   | Found a dark tunnel.
 14266 | Volcano  | Entered a volcano
 14332 | Volcano  | Noticed a two-headed ogre
 14886 | Lair:3   | Learned a level 3 spell: Teleport Other
 14888 | Lair:3   | Found a hole to the Spider Nest.
 15013 | Lair:3   | Noticed an eight-headed hydra
 15040 | Lair:3   | Killed an eight-headed hydra
 15127 | Lair:3   | Reached XP level 13. HP: 71/87 MP: 24/29
 15334 | Lair:3   | Reached skill level 13 in Spellcasting
 15345 | Lair:3   | Noticed Gastronok
 15360 | Lair:3   | Killed Gastronok
 15825 | Lair:3   | Found a transporter.
 15854 | Lair:3   | Found a transporter.
 15868 | Lair:3   | Learned a level 1 spell: Apportation
 16011 | Lair:3   | Killed from afar by a bog body

Illustrated notes

Levels and vault maps discovered:
D:1:      minmay_arrival_hallway, layout_loops_ring
D:2:      layout_loops_ring, shapermc_ecumenical_altar_starsandcircs,
          basic_altar
D:3:      layout_loops_ring, cheibrodos_sewer_entry_sluice
D:4:      layout_basic
D:5:      layout_basic, serial_shops, shop, uniq_menkaure
D:6:      layout_basic, kennysheep_mini_moat, minmay_temple_entry_waves,
          uniq_prince_ribbit1
D:7:      layout_rooms, chequers_serial_rivers_micro_e, uniq_harold
D:8:      layout_gridville, serial_glass, glass_columns_c, glass_columns_a,
          gammafunk_ghost_gnarly_gnolls
D:9:      layout_irregular_city, david_orc_3
D:10:     layout_rooms, minmay_misc_feat_ornament
D:11:     layout_cave_pods, minmay_lair_entry_grove, uniq_erica
Lair:1:   minmay_lair_venomous_thicket, layout_regular_city, grunt_megastairs_2,
          serial_bayou_shore_a
Lair:2:   wander_river, layout_loops_ring, gauntlet_entry_generic,
          nicolae_volcano_entry_vermiform, lemuel_fruit_tree, uniq_sonja
Lair:3:   gammafunk_cloud_chamber, layout_gridlike,
          nicolae_swamp_entry_splash_gauntlet,
          nicolae_spider_entry_orb_guardian, uniq_gastronok

Skill      XL: |  1  2  3  4  5  6  7  8  9 10 11 12 13 |
---------------+----------------------------------------+-----
Spellcasting   | 3 4 5 6 8 9 11 12 13 | 13.1
Summonings     | 5 6 8 9 10 12 | 12.5
Dodging        | 3 4 5 |  5.8
Polearms       | 2 3 4 5 6 7 |  7.4
Stealth        | 3 4 |  4.6
Fighting       | 1 2 3 |  3.6
Ice Magic      | 3 5 6 7 |  7.7
Fire Magic     | 1 2 3 |  3.8
Necromancy     | 1 |  1.8
Conjurations   | |  0.5
Hexes          | |  0.1
Air Magic      | |  0.5
Evocations     | |  0.2

Action                   |  1- 3 |  4- 6 |  7- 9 | 10-12 | 13-15 || total
-------------------------+-------+-------+-------+-------+-------++-------
Melee: Dagger            |    38 |     2 |       |       |       ||    40
       Unarmed           |     1 |       |       |       |       ||     1
       Punch             |     1 |     2 |     1 |       |       ||     4
       Trident           |       |    49 |   101 |       |       ||   150
       Tailslap          |       |     2 |       |     2 |       ||     4
       Halberd           |       |       |     4 |   160 |    21 ||   185
 Cast: Summon Small Mamm |    62 |    51 |    77 |   131 |     8 ||   329
       Call Imp          |    12 |    18 |    37 |    49 |     5 ||   121
       Foxfire           |       |     5 |    20 |    12 |     4 ||    41
       Call Canine Famil |       |    11 |    35 |    56 |     8 ||   110
       Scorch            |       |       |    10 |    94 |    16 ||   120
       Summon Ice Beast  |       |       |       |    60 |     9 ||    69
       Animate Skeleton  |       |       |       |    46 |    16 ||    62
       Summon Guardian G |       |       |       |     1 |     1 ||     2
       Summon Lightning  |       |       |       |     1 |     3 ||     4
Evoke: Wand              |       |       |       |     1 |       ||     1
       Box of beasts     |       |       |       |     1 |       ||     1
  Use: Potion            |     1 |     1 |     1 |     3 |     1 ||     7
       Scroll            |       |     3 |    11 |    14 |     1 ||    29
 Stab: Distracted        |       |     1 |     7 |    10 |       ||    18
       Sleeping          |       |     1 |       |       |       ||     1
Armor: Robe              |     9 |     6 |     9 |     5 |       ||    29
       Steam dragon scal |       |       |       |    39 |     9 ||    48
Dodge: Dodged            |    36 |    32 |    60 |   114 |    15 ||   257
